 Dungeon Sprint DCSS version 0.31-a0-339-gda1cbd555d (webtiles) character file.

Game seed: 17299581925721511461

9300000 Monkooky the Pandemonic (level 27, -13/199 HPs)
             Began as a Kobold Warper on July 20, 2023.
             Was a High Priest of Makhleb.
             Mangled by a sculptor of flesh
             ... wielding a +9 great sword
              (187 damage)
             ... in the Dungeon (Sprint VIII: "Arena of Blood").
             The game lasted 00:03:09 (93 turns).

Monkooky the Pandemonic (Kobold Warper)               Turns: 93, Time: 00:03:10

Health: -13/199    AC:  6    Str:  9    XL:     27
Magic:  36/54      EV: 40    Int: 18    God:    Makhleb [*****.]
Gold:   0          SH:  0    Dex: 24    Spells: 80/80 levels left

rFire   . . .        j - +∞ Axe of Woe
rCold   . . .        (shield currently unavailable)
rNeg    . . .        b - +0 leather armour
rPois   .            (no helmet)
rElec   .            (no cloak)
rCorr   .            (no gloves)
SInv    .            (no boots)
Will    ++...        (no amulet) Stlth *+++++++++
                     (no ring)
HPRegen 0.53/turn    (no ring)
MPRegen 0.34/turn

%: no teleportation
@: no status effects
A: small, no large weapons, nightstalker 3
a: Renounce Religion, Minor Destruction, Lesser Servant of Makhleb, Major
Destruction, Greater Servant of Makhleb


You were in the Dungeon.
You worshipped Makhleb.
Makhleb was extremely pleased with you.
You visited 1 branch

Inventory:

Hand Weapons
 a - a +0 hand axe
 j - the +∞ Axe of Woe (weapon)
   (You found it in the Dungeon)
Missiles
 d - 7 boomerangs of dispersal (quivered)
Armour
 b - a +0 leather armour (worn)
Scrolls
 c - 2 scrolls of blinking
Potions
 e - a potion of curing
 f - a potion of heal wounds
 g - a potion of haste
 h - 2 potions of magic
 i - a potion of berserk rage


   Skills:
 O Level 27 Fighting
 O Level 27 Short Blades
 + Level 18.9(21.8) Long Blades
 O Level 27 Axes
 + Level 20.4(27) Maces & Flails
 + Level 18.9(27) Polearms
 + Level 20.4(26.4) Staves
 O Level 27 Ranged Weapons
 O Level 27 Throwing
 O Level 27 Armour
 O Level 27 Dodging
 O Level 27 Stealth
 + Level 18.9 Shields
 + Level 22.0 Unarmed Combat
 O Level 27 Spellcasting
 + Level 22.0 Conjurations
 + Level 22.0 Hexes
 + Level 22.0 Summonings
 + Level 22.0 Necromancy
 O Level 27 Translocations
 + Level 22.0 Transmutations
 + Level 22.1 Fire Magic
 + Level 22.0 Ice Magic
 + Level 22.1 Air Magic
 + Level 22.0 Earth Magic
 + Level 22.0 Poison Magic
 O Level 27 Invocations
 + Level 25.7 Evocations
 + Level 18.9 Shapeshifting


You had 80 spell levels left.
You didn't know any spells.
Your spell library contained the following spells:

 Spells                   Type           Power      Damage    Failure   Level
 Blink                    Tloc           100%       N/A       0%          2
 Lesser Beckoning         Tloc           100%       N/A       0%          2
 Teleport Other           Tloc           88%        N/A       0%          3
 Vhi's Electric Charge    Tloc/Air       100%       N/A       0%          3
 Manifold Assault         Tloc           88%        N/A       0%          4


Dungeon Overview and Level Annotations

Branches:
Dungeon (1/1)

Altars:
Makhleb


Innate Abilities, Weirdness & Mutations

You are small and have problems with some larger weapons.
You are completely attuned to the shadows.


Message History

Your Ice Magic skill gained 2 levels and is now at level 22!
Your Air Magic skill gained 2 levels and is now at level 22!
Your Earth Magic skill gained 2 levels and is now at level 22!
Your Poison Magic skill gained 2 levels and is now at level 22!
Your Evocations skill increases to level 25!
Your Shapeshifting skill increases to level 18!
A meat beast comes into view.
You hear a shout!
A meat berserker comes into view. It is wielding a +9 battleaxe.
You hear a shout! x6
A bolt of negative energy appears from out of thin air!
Deactivating autopickup; reactivate with Ctrl-A.
The bolt of negative energy misses you.
You hear a shout! x3; You hear two shouts!
You hear a shout! x4
A bolt of negative energy appears from out of thin air!
The bolt of negative energy hits the sculptor of flesh.
The sculptor of flesh completely resists.
The bolt of negative energy misses you.
You hear a shout! x3
The sculptor of flesh is engulfed in blazing flames.
Your cacodemon hits the sculptor of flesh.
Your cacodemon closely misses the sculptor of flesh.
You hear a shout! x3
You swap places.
The meat beast howls, "Slither away whilst thou may!"
You hear a shout! x2
The meat beast is engulfed in blazing flames.
The meat beast bites you!! The meat beast tramples you.
You hold your ground!
You hear a shout! x2
The meat berserker hits your cacodemon with a +9 battleaxe!!!
Your cacodemon dies!
Your cacodemon disappears in a puff of smoke!
You hear a shout!
The meat beast is engulfed in blazing flames.
The meat beast closely misses you. The meat beast tramples you.
You hold your ground!
The sculptor of flesh hits you with a +9 great sword!!!!!
Ouch! That really hurt!
You die...

.....#☼))...#.
.....#.)O###..
........)))...
..........)...
.....####)....
.....).#))....
...O.☼☼☼....##
.=..§2z§.####
#####@####
##.# #.# #.#
##


You could see a meat beast (fast), a sculptor of flesh and a meat berserker
(berserk).

Vanquished Creatures
  8 hell beasts (D)
  A wraith (D)
  A vampire knight (D)
  16 ogres (D)
  3 two-headed ogres (D)
  A phantom (D)
  37 orcs (D)
  A skeletal warrior (D)
68 creatures vanquished.

Notes
Turn   | Place    | Note
-------+----------+-------------------------------------------
     0 | D        | Found the +∞ Axe of Woe
     0 | D        | Monkooky the Kobold Warper began the quest for the Orb.
     0 | D        | Reached XP level 1. HP: 12/12 MP: 3/3
     5 | D        | Became a worshipper of Makhleb the Destroyer
     7 | D        | Noticed a bag of meat
     7 | D        | Noticed a meat berserker
     8 | D        | Killed a bag of meat
     9 | D        | Reached XP level 2. HP: 17/17 MP: 5/5
     9 | D        | Reached XP level 3. HP: 21/21 MP: 6/6
     9 | D        | Reached XP level 4. HP: 26/26 MP: 7/7
     9 | D        | Reached XP level 5. HP: 30/30 MP: 8/8
     9 | D        | Reached XP level 6. HP: 35/35 MP: 9/9
     9 | D        | Reached XP level 7. HP: 40/40 MP: 10/10
     9 | D        | Reached XP level 8. HP: 44/44 MP: 11/11
     9 | D        | Reached XP level 9. HP: 48/48 MP: 12/12
     9 | D        | Reached XP level 10. HP: 53/53 MP: 13/13
     9 | D        | Reached XP level 11. HP: 57/57 MP: 14/14
     9 | D        | Noticed a bag of meat
     9 | D        | Noticed a bag of meat
    10 | D        | Noticed a bag of meat
    10 | D        | Noticed a bag of meat
    11 | D        | Killed a meat berserker
    11 | D        | Reached * piety under Makhleb
    12 | D        | Reached XP level 12. HP: 62/62 MP: 15/15
    12 | D        | Reached XP level 13. HP: 66/66 MP: 16/16
    12 | D        | Noticed a bag of meat
    13 | D        | Killed a bag of meat
    13 | D        | Killed a bag of meat
    14 | D        | Reached XP level 14. HP: 72/72 MP: 16/27
    14 | D        | Killed a bag of meat
    14 | D        | Reached ** piety under Makhleb
    15 | D        | Killed a bag of meat
    17 | D        | Killed a bag of meat
    17 | D        | Noticed a bag of meat
    18 | D        | Reached XP level 15. HP: 40/76 MP: 16/32
    19 | D        | Noticed a meat berserker
    20 | D        | Reached *** piety under Makhleb
    20 | D        | Noticed a large bag of meat
    21 | D        | Reached skill level 27 in Invocations
    21 | D        | Noticed a meat berserker
    21 | D        | Noticed a meat berserker
    23 | D        | Killed a meat berserker
    23 | D        | Killed a large bag of meat
    23 | D        | Killed a meat berserker
    24 | D        | Reached XP level 16. HP: 67/120 MP: 17/33
    25 | D        | Killed a meat berserker
    25 | D        | Reached **** piety under Makhleb
    26 | D        | Reached XP level 17. HP: 94/133 MP: 18/34
    27 | D        | Reached skill level 27 in Dodging
    29 | D        | Noticed a meat berserker
    30 | D        | Noticed a destroyer
    30 | D        | Reached ***** piety under Makhleb
    31 | D        | Reached skill level 27 in Fighting
    31 | D        | Reached skill level 1 in Armour
    31 | D        | Killed a meat berserker
    31 | D        | Noticed a large bag of meat
    32 | D        | Reached skill level 27 in Axes
    32 | D        | Reached XP level 18. HP: 105/145 MP: 19/35
    34 | D        | Reached skill level 5 in Armour
    35 | D        | Reached skill level 27 in Stealth
    36 | D        | Reached skill level 15 in Armour
    36 | D        | Killed a large bag of meat
    37 | D        | Reached XP level 19. HP: 117/151 MP: 20/36
    37 | D        | Noticed a meat berserker
    38 | D        | Reached ****** piety under Makhleb
    38 | D        | Noticed a meat berserker
    39 | D        | Killed a meat berserker
    40 | D        | Killed a destroyer
    41 | D        | Reached skill level 27 in Armour
    41 | D        | Reached skill level 15 in Translocations
    41 | D        | Reached XP level 20. HP: 157/157 MP: 21/37
    41 | D        | Killed a meat berserker
    43 | D        | Reached skill level 10 in Spellcasting
    44 | D        | Reached XP level 21. HP: 163/163 MP: 21/38
    44 | D        | Noticed a meat berserker
    46 | D        | Killed a meat berserker
    47 | D        | Reached skill level 27 in Translocations
    49 | D        | Reached skill level 15 in Throwing
    49 | D        | Reached skill level 27 in Spellcasting
    52 | D        | Reached XP level 22. HP: 169/169 MP: 23/53
    54 | D        | Reached skill level 27 in Throwing
    59 | D        | Noticed a dread
    60 | D        | Killed a dread
    61 | D        | Reached skill level 5 in Long Blades
    61 | D        | Reached skill level 5 in Maces & Flails
    61 | D        | Reached skill level 5 in Polearms
    61 | D        | Reached skill level 5 in Staves
    61 | D        | Reached skill level 5 in Shields
    61 | D        | Reached skill level 5 in Shapeshifting
    61 | D        | Reached XP level 23. HP: 175/175 MP: 26/54
    65 | D        | Noticed a meat beast
    66 | D        | Noticed a meat beast
    67 | D        | Killed a meat beast
    68 | D        | Noticed a meat beast
    70 | D        | Killed a meat beast
    71 | D        | Reached skill level 15 in Short Blades
    71 | D        | Reached skill level 10 in Long Blades
    71 | D        | Reached skill level 10 in Polearms
    71 | D        | Reached skill level 15 in Ranged Weapons
    71 | D        | Reached skill level 10 in Shields
    71 | D        | Reached skill level 10 in Shapeshifting
    71 | D        | Reached XP level 24. HP: 181/181 MP: 30/54
    73 | D        | Killed a meat beast
    74 | D        | Reached XP level 25. HP: 187/187 MP: 31/54
    74 | D        | Noticed a meat beast
    77 | D        | Killed a meat beast
    78 | D        | Reached skill level 15 in Unarmed Combat
    78 | D        | Reached skill level 15 in Conjurations
    78 | D        | Reached skill level 15 in Hexes
    78 | D        | Reached skill level 15 in Summonings
    78 | D        | Reached skill level 15 in Necromancy
    78 | D        | Reached skill level 15 in Transmutations
    78 | D        | Reached skill level 15 in Fire Magic
    78 | D        | Reached skill level 15 in Ice Magic
    78 | D        | Reached skill level 15 in Air Magic
    78 | D        | Reached skill level 15 in Earth Magic
    78 | D        | Reached skill level 15 in Poison Magic
    78 | D        | Reached XP level 26. HP: 193/193 MP: 32/54
    78 | D        | Noticed a meat beast
    78 | D        | Noticed a meat beast
    78 | D        | Noticed a large bag of meat
    80 | D        | Reached skill level 15 in Maces & Flails
    80 | D        | Reached skill level 15 in Staves
    80 | D        | Killed a meat beast
    81 | D        | Reached skill level 15 in Long Blades
    81 | D        | Reached skill level 15 in Polearms
    81 | D        | Reached skill level 15 in Shields
    81 | D        | Reached skill level 15 in Shapeshifting
    81 | D        | Reached XP level 27. HP: 199/199 MP: 33/54
    81 | D        | Killed a meat beast
    85 | D        | Noticed a meat beast
    85 | D        | Noticed a meat beast
    87 | D        | Killed a large bag of meat
    88 | D        | Killed a meat beast
    90 | D        | Killed a meat beast
    91 | D        | Reached skill level 27 in Short Blades
    91 | D        | Reached skill level 27 in Ranged Weapons
    91 | D        | Noticed a meat beast
    93 | D        | Mangled by a sculptor of flesh

Illustrated notes

Levels and vault maps discovered:
D:        meatsprint

Skill      XL: |  1  2  3  4  5  6  7  8  9 10 11 12 13 14 15 16 17 18 19 20 21 22 23 24 25 26 27 |
---------------+----------------------------------------------------------------------------------+-----
Axes           | 21 26 27 | 27.0
Invocations    | 18 26 27 | 27.0
Fighting       | 20 24 27 | 27.0
Dodging        | 22 26 27 | 27.0
Armour         | 3 19 27 | 27.0
Stealth        | 19 27 | 27.0
Throwing       | 2 3 19 27 | 27.0
Spellcasting   | 6 12 27 | 27.0
Translocations | 15 26 27 | 27.0
Short Blades   | 8 15 17 20 22 27 | 27.0
Long Blades    | 5 10 11 13 15 18 | 18.9
Maces & Flails | 5 11 12 14 16 20 | 20.4
Polearms       | 5 10 11 13 15 18 | 18.9
Staves         | 5 11 13 14 16 20 | 20.4
Ranged Weapons | 8 15 17 20 22 27 | 27.0
Shields        | 5 10 11 13 15 18 | 18.9
Unarmed Combat | 6 12 14 15 17 22 | 22.0
Conjurations   | 6 12 14 15 17 22 | 22.0
Hexes          | 6 12 14 15 17 22 | 22.0
Summonings     | 6 12 14 15 17 22 | 22.0
Necromancy     | 6 12 14 15 17 22 | 22.0
Transmutations | 6 12 14 15 17 22 | 22.0
Fire Magic     | 6 12 14 15 17 22 | 22.1
Ice Magic      | 6 12 14 15 17 22 | 22.0
Air Magic      | 6 12 14 15 17 22 | 22.1
Earth Magic    | 6 12 14 15 17 22 | 22.0
Poison Magic   | 6 12 14 15 17 22 | 22.0
Evocations     | 7 14 16 18 20 25 | 25.7
Shapeshifting  | 5 10 11 13 15 18 | 18.9

Action                     |  1- 3 |  4- 6 |  7- 9 | 10-12 | 13-15 | 16-18 | 19-21 | 22-24 | 25-27 || total
---------------------------+-------+-------+-------+-------+-------+-------+-------+-------+-------++-------
  Melee: Broad axe         |     1 |       |       |     1 |     6 |     8 |    10 |    10 |    10 ||    46
 Invoke: Greater Servant o |       |       |       |       |       |       |       |     5 |     5 ||    10
   Stab: Distracted        |       |       |       |       |       |       |       |       |     1 ||     1
 Armour: Leather armour    |       |       |       |       |       |       |       |     1 |     1 ||     2
  Dodge: Dodged            |       |       |       |       |       |     1 |       |     3 |     7 ||    11

Table legend: (Time is in decaauts)
 A = Elapsed time spent in this place.
 B = Non-inter-level travel time spent in this place.
 C = Inter-level travel time spent in this place.
 D = Time resting spent in this place.
 E = Time spent auto-exploring this place.
 F = Levels seen in this place.
 G = Mean time per level.
                   A        B        C        D        E       F      G
               +--------+--------+--------+--------+--------+-----+--------+
         Total |     82 |     82 |      0 |      0 |      0 |   1 |   82.0 |
       Dungeon |     82 |     82 |      0 |      0 |      0 |   1 |   82.0 |
               +--------+--------+--------+--------+--------+-----+--------+

Top non-repeatable levels by time:
       D: 82 daAuts
